 Dungeon Crawl Stone Soup version 0.28.0-56-g4927b6849a (webtiles) character file.

Game seed: 1563780502417889869

252 octoduck the Chopper (level 5, 42/46 HPs)
             Began as a Deep Dwarf Fighter on Feb 4, 2023.
             Was a Follower of Vehumet.
             Quit the game on level 3 of the Dungeon.
             The game lasted 00:08:28 (2554 turns).

octoduck the Chopper (Deep Dwarf Fighter)           Turns: 2554, Time: 00:08:29

Health: 42/46      AC:  7    Str: 20    XL:     5   Next: 89%
Magic:  4/4        EV: 14    Int:  8    God:    Vehumet [*.....]
Gold:   59         SH:  5    Dex: 14    Spells: 4/4 levels left

rFire   . . .      SeeInvis .   a - +0 war axe
rCold   . . .      Faith    .   c - +0 buckler
rNeg    . . .      Spirit   .   b - +1 scale mail
rPois   .          Reflect  .   (no helmet)
rElec   .          Harm     .   (no cloak)
rCorr   .          Rampage  .   (no gloves)
Will    .....                   (no boots)
Stlth   ..........              (no amulet)
HPRegen 0.00/turn               k - +4 ring of evasion
MPRegen 0.09/turn               (no ring)

@: no status effects
A: damage resistance, heal wounds, sense surroundings 1, no regeneration
a: Heal Wounds, Renounce Religion


You were on level 3 of the Dungeon.
You worshipped Vehumet.
Vehumet was aware of your devotion.
You visited 1 branch of the dungeon, and saw 3 of its levels.

You collected 59 gold pieces.

Inventory:

Hand Weapons
 a - a +0 war axe (weapon)
Armour
 b - a +1 scale mail (worn)
 c - a +0 buckler (worn)
Jewellery
 k - a +4 ring of evasion (left hand)
Wands
 j - a wand of acid (3)
Scrolls
 f - a scroll of fear
 h - a scroll of teleportation {unknown}
Potions
 d - a potion of cancellation {unknown}
 e - 3 potions of heal wounds {unknown}
 g - a potion of attraction {unknown}
 i - 2 potions of curing {unknown}


   Skills:
 - Level 2.6 Fighting
 + Level 6.0 Axes
 - Level 3.2 Armour
 - Level 3.1 Dodging
 - Level 3.2 Shields


You had 4 spell levels left.
You didn't know any spells.
Your spell library was empty.

Dungeon Overview and Level Annotations

Branches:
Dungeon (3/15)

Altars:
Vehumet

Shops:
D:1 *


Innate Abilities, Weirdness & Mutations

You are resistant to damage.
You can heal yourself by infusing magical energy.
You passively map a small area around you.
You do not regenerate.


Message History

Aim: Sigmund, wielding a +0 scythe and wearing a +0 robe (heavily wounded, covered in acid, 68% to hit)
The bolt of acid hits Sigmund!
Sigmund is almost dead.
Sigmund gestures wildly while chanting.
Sigmund flickers and vanishes!
Deactivating autopickup; reactivate with Ctrl-A.
Something hits you but does no damage.
You closely miss something. You slash the plant!
The plant begins to die.
Something hits you.
* * * LOW HITPOINT WARNING * * *
You miss something. You slash the plant! Something barely misses you.
You miss something. You hit the plant. Something hits you.
* * * LOW HITPOINT WARNING * * *
Aiming: Corrosive Bolt
Press: ? - help, Shift-Dir - straight line The bolt of acid hits something!
Something seems to be corroded for longer.
Reactivating autopickup.
You feel a bit more experienced.
A nearby plant withers and dies.
Your Axes skill gained 2 levels and is now at level 6!
You have reached level 5!
Things that are here:
a +0 scythe; a +0 robe; the human corpse of Sigmund Your magical essence is drained by the effort!
You feel much better.
Unknown command.
You feel much better.
There is an open door here.
Things that are here:
a +0 scythe; a +0 robe; the human corpse of Sigmund
Things that are here:
a +0 scythe; a +0 robe; the human corpse of Sigmund
There is an open door here.
There is a faded altar of an unknown god here.
You cannot tell which god this altar belongs to.
Convert to them anyway?
Vehumet accepts your prayer! Vehumet welcomes you!
You can now gain magical power from killing.
Vehumet offers you knowledge of Magic Dart.
Are you sure you want to abandon this character and quit the game? (Confirm with "yes".)

.# #......# #......#
<# ####.### ####.###
.# #....#######.# .#
#....#.....#.# .#
#....#.###'#.######
.#
#>...#)#...#......#
.#
#....#.#.########.##
.# ####.'.8....##
#..# .#
#######.@.#####.# .#
##....8.'.# .#*
####.#.### .. , , *
.. #.# .#* #' #.# ,
* , .P# , ,, * *###
* *


There were no monsters in sight!

Vanquished Creatures
  Sigmund (D:3)
  Jessica (D:2)
  3 adders
  2 dart slugs
  An orc (D:3)
  2 bats
  An endoplasm (D:2)
  2 giant cockroaches
  3 goblins (D:2)
  5 hobgoblins
  7 jackals
  2 quokkas
  5 ball pythons
  2 frilled lizards
  4 kobolds
  4 rats
45 creatures vanquished.

Vanquished Creatures (others)
  4 fungi (D:3)
  4 plants (D:3)
8 creatures vanquished.

Grand Total: 53 creatures vanquished

Notes
Turn   | Place    | Note
-------+----------+-------------------------------------------
     0 | D:1      | octoduck the Deep Dwarf Fighter began the quest for the
                  | Orb.
     0 | D:1      | Reached XP level 1. HP: 20/20 MP: 1/1
   156 | D:1      | Reached skill level 1 in Dodging
   348 | D:1      | Reached XP level 2. HP: 21/27 MP: 2/2
   538 | D:1      | Found Suno's Assorted Antiques.
  1090 | D:2      | Reached skill level 3 in Axes
  1151 | D:2      | Noticed Jessica
  1506 | D:2      | Reached XP level 3. HP: 10/33 MP: 3/3
  1895 | D:2      | Killed Jessica
  1896 | D:2      | Reached XP level 4. HP: 16/40 MP: 4/4
  2295 | D:3      | Found a faded altar of an unknown god.
  2296 | D:3      | Noticed Sigmund
  2510 | D:3      | Reached skill level 4 in Axes
  2533 | D:3      | Killed Sigmund
  2534 | D:3      | Reached skill level 6 in Axes
  2534 | D:3      | Reached XP level 5. HP: 3/46 MP: 5/5
  2553 | D:3      | Prayed at the altar of an unknown god.
  2553 | D:3      | Became a worshipper of Vehumet
  2553 | D:3      | Reached * piety under Vehumet
  2553 | D:3      | Offered knowledge of Magic Dart by Vehumet.
  2554 | D:3      | Quit the game

Illustrated notes

Levels and vault maps discovered:
D:1:      dpeg_arrival_simpleton_a, layout_loops_cross, serial_shops,
          nicolae_square_shop
D:2:      layout_basic, serial_corexii_hall, corexii_hall_statues_s,
          corexii_hall_statues_x, st_stairs_4, uniq_jessica
D:3:      layout_loops_cross, shapermc_ecumenical_altar_ellora,
          serial_bayou_pond_e, dk_noncrumbling_3, uniq_sigmund

Skill      XL: |  1  2  3  4 |
---------------+-------------+-----
Dodging        | 1 2 3 |  3.1
Axes           | 3 6 |  6.0
Fighting       | |  2.6
Armour         | |  3.2
Shields        | |  3.2

Action                   |  1- 3 |  4- 6 || total
-------------------------+-------+-------++-------
Melee: War axe           |   114 |    25 ||   139
 Abil: Heal Wounds       |     1 |     2 ||     3
Evoke: Wand              |       |     3 ||     3
  Use: Scroll            |     2 |     1 ||     3
       Potion            |     1 |       ||     1
Armor: Scale mail        |    46 |     6 ||    52
Dodge: Dodged            |    58 |     9 ||    67
Block: Buckler           |    25 |     4 ||    29
